[Event "Late-Titled-Tuesday-Blitz-April-23-2024"]
[Site "Chess.com"]
[Date "2024.04.23"]
[Round "5"]
[White "nindjaxx8"]
[Black "ploxoi"]
[Result "1/2-1/2"]
[WhiteElo "2639"]
[BlackElo "2421"]
[TimeControl "180+1"]
[EndTime "14:58:02 PDT"]
[Termination "Game drawn - insufficient material"]

1. d4 d5 2. c4 e6 3. Nc3 c6 4. cxd5 exd5 5. Bf4 Bf5 6. e3 Nf6 7. Nf3 Bd6 8. Bg3 O-O 9. Bd3 Bg6 10. O-O Bxg3 11.
hxg3 Nbd7 12. Rb1 Re8 13. b4 Ne4 14. Qc2 a6 15. Ne2 Ndf6 16. Ne5 Bf5 17. a4 Bd7 18. b5 axb5 19. axb5 cxb5 20. Bxb5 Bxb5 21. Rxb5 Qe7 22.
Rfb1 Rab8 23. Nf4 Rec8 24. Qb2 Rc7 25. Rc1 Rxc1+ 26. Qxc1 Qd8 27. Qb2 Nd6 28. Rb4 Qc7 29. f3 b5 30. Qb3 Qb7 31. g4 Nc4 32. g5 Nd7 33. Nfd3 Ndxe5 34. Nxe5 Qc7 35. Nxc4 dxc4 36.
Qb2 g6 37. Rxb5 Rxb5 38. Qxb5 c3 39. Qf1 c2 40. Qc1 Qc3 41. Kf2 Qd3 42. Ke1 Qc3+ 43. Ke2 Kg7 44. d5 Kf8 45. e4 Ke7 46. g3 Kd6 47. Qf4+ Ke7 48. Qc1 Kd6 49. Qf4+ Kc5 50. Qc1 Kb4 51. d6 Kb3 52. d7 Qc4+ 53. Ke1 Qc3+ 54.
Ke2 Qc4+ 55. Ke1 Qd4 56. Qd2 Qxd7 57. Qxd7 c1=Q+ 58. Ke2 Qc5 59. Qd3+ Kb4 60. f4 Qc1 61. Qd2+ Qxd2+ 62. Kxd2 Kc4 63. Ke3 Kc3 64. e5 Kc4 65. Ke4 Kc5 66. f5 gxf5+ 67. Kxf5 Kd5 68. Kf6 Ke4 69. g4 Kf4 70. Kg7 Kxe5 71. Kxh7 Kf4 72. Kh6 Kxg4 73. Kg7 Kxg5 74. Kxf7 1/2-1/2

[Event "Late-Titled-Tuesday-Blitz-April-23-2024"]
[Site "Chess.com"]
[Date "2024.04.23"]
[Round "5"]
[White "Viktoker"]
[Black "WoolworthsManly"]
[Result "0-1"]
[WhiteElo "2339"]
[BlackElo "2680"]
[TimeControl "180+1"]
[EndTime "14:58:02 PDT"]
[Termination "WoolworthsManly won by resignation"]

1. d4 Nf6 2. c4 e6 3. Nc3 Bb4 4. e3 O-O 5. Bd3 c5 6. Ne2 d5 7.
a3 Bxc3+ 8. Nxc3 cxd4 9. exd4 dxc4 10. Bxc4 Nc6 11. Be3 b6 12. O-O Bb7 13. Rc1 Rc8 14.
Ba2 Ne7 15. Bg5 Nf5 16. d5 h6 17. Bxf6 Qxf6 18. dxe6 fxe6 19. Qd7 Bc6 20. Qxe6+ Kh8 21.
Qxf6 Rxf6 22. Rfe1 Rcf8 23. f3 Nh4 24. Ne4 Rg6 25.
Ng3 h5 26. Re6 Be8 27. Rxe8 Rxe8 28. Bf7 Re2 29. Bxg6 Nxg6 30. Nxh5 Nh4 31. Nf4 Rxb2 32. Rc8+ Kh7 33. Rc7 Kh6 34. Rxa7 g5 35. Nd3 Rxg2+ 36. Kf1 Rxh2 37. Ra6 Nxf3 38. Rxb6+ Kh5 39. Rb4 Ra2 40. a4 g4 41. Nf4+ Kg5 42. Ne2 Kf5 43.
Kf2 Ne5 44. Ke3 Ra3+ 45. Kd2 g3 46. Nxg3+ Rxg3 47. Rb5 Ra3 48. a5 Ke4 49. Kc2 Kd4 50. Kb2 Nc4+ 51. Kb1 Nxa5 52. Rb8 Nc4 53. Kc2 Rc3+ 54.
Kd1 Rg3 55. Ke2 Re3+ 56. Kf2 Ne5 57. Rd8+ Ke4 58. Re8 Rf3+ 59. Kg2 Rf5 60. Re7 Kf4 61. Rg7 Ng4 62. Rg8 Rd5 63. Rf8+ Kg5 64. Kg3 Rd3+ 65. Kg2 Nf6 66. Rf7 Kg6 67. Re7 Nh5 68. Kf1 Nf4 69. Ke1 Kf5 70. Rf7+ Kg4 71. Rf8 Kf3 72. Re8 Ng2+ 73.
Kf1 Rd1+ 0-1

[Event "Late-Titled-Tuesday-Blitz-April-23-2024"]
[Site "Chess.com"]
[Date "2024.04.23"]
[Round "5"]
[White "Abund"]
[Black "scandalgod"]
[Result "0-1"]
[WhiteElo "2749"]
[BlackElo "2520"]
[TimeControl "180+1"]
[EndTime "14:58:10 PDT"]
[Termination "scandalgod won on time"]

1. e4 e5 2. Nc3 Nf6 3. Nf3 Nc6 4. Bb5 Bb4 5. O-O Bxc3 6. dxc3 d6 7. Bd3 O-O 8. Nd2 Ne7 9. Re1 Ng6 10. Nf1 h6 11.
Ng3 Be6 12. h3 Qd7 13. Qf3 Nh7 14. Nf5 Kh8 15. c4 b6 16. b3 a5 17. a4 Qd8 18. Qg3 Rg8 19. Be3 Qf6 20. Rad1 Rae8 21. Rf1 Nf4 22. Nh4 Ng5 23. Kh1 g6 24. Rde1 Kh7 25.
Bd2 Bd7 26. Re3 Nh5 27. Qh2 Ne6 28. Nf3 Nef4 29. Ng1 g5 30. g4 Ng7 31. Ne2 Nge6 32. Ng3 Nd4 33. f3 Kg7 34. Ree1 Kf8 35. Rf2 Rh8 36.
Bxf4 gxf4 37. Nh5 Qg6 38. Rg1 Ne6 39. Rff1 Ke7 40. Qf2 Reg8 41. Qh4+ Qg5 42. Qe1 f6 43. Kh2 Be8 44. h4 Qg6 45. c5 bxc5 46. Bc4 Qh7 47. Qxa5 Bxh5 48. Bxe6 Kxe6 49. gxh5 Qf7 50. Qb5 Qxh5 51.
Qc4+ Ke7 52. Kh3 Qf7 53. Rg4 Rxg4 54. Kxg4 Qxc4 55. bxc4 Ke6 56. Kh5 Ra8 57. Ra1 f5 58. exf5+ Kxf5 59. a5 c6 60. a6 d5 61. a7 e4 62. Kxh6 e3 63. Kg7 d4 64. h5 e2 65.
h6 Rxa7+ 66. Rxa7 e1=Q 67. h7 Qe5+ 68. Kh6 Qe6+ 69. Kg7 Qg6+ 0-1

[Event "Late-Titled-Tuesday-Blitz-April-23-2024"]
[Site "Chess.com"]
[Date "2024.04.23"]
[Round "5"]
[White "WindWhistler11"]
[Black "realburq"]
[Result "1-0"]
[WhiteElo "2543"]
[BlackElo "2368"]
[TimeControl "180+1"]
[EndTime "14:58:15 PDT"]
[Termination "WindWhistler11 won by resignation"]

1. Nf3 g6 2. c4 Bg7 3. g3 e5 4.
Nc3 Nc6 5. Rb1 d6 6. b4 Nge7 7.
e3 O-O 8. b5 Nb8 9. Bg2 Nd7 10.
d4 a6 11. bxa6 Rxa6 12. O-O Rb6 13. Bb2 Nf5 14. Nd5 Ra6 15. Nb4 Ra8 16. a3 Re8 17.
Qc2 Nb6 18. c5 Na4 19. Ba1 c6 20. cxd6 exd4 21. e4 Nxd6 22. Rfd1 c5 23. Nd3 Nxe4 24.
Nf4 Nec3 25. Bxc3 Nxc3 26. Rbc1 Bf5 27. Qb3 Nxd1 28. Rxd1 Qd6 29. h4 h6 30. Nd2 Be6 31. Nxe6 Qxe6 32. Bd5 Qe7 33. Nc4 Rad8 34. Na5 d3 35.
Rxd3 Qe5 36. Bxf7+ Kh7 37. Bxe8 Rxe8 38. Re3 Qb8 39.
Rxe8 Qxe8 40. Qxb7 Qe1+ 41. Kg2 Qxa5 42. Qf3 c4 43. h5 gxh5 44. Qe4+ Kg8 45. Qe8+ Kh7 46. Qe4+ Kg8 47. Qe8+ Bf8 48. Qg6+ Kh8 49. Qe4 Qc5 50.
f4 c3 51. Qc2 Qc4 52. Kh3 Qc6 53. Qf5 c2 54. Qxf8+ Kh7 55. Qf7+ Kh8 56. Qf8+ Kh7 57. Qe7+ Kg6 58. Qf8 c1=Q 59. Qg8+ Kf5 60. Qh7+ Kf6 61. Qh8+ Ke7 62. Qh7+ Kd6 63. Qg6+ Kc7 64. Qf7+ Kb6 65.
Qb3+ Qb5 66. Qe3+ Ka6 67. Qxc1 Qa5 68. Qe3 Qb5 69. Qe6+ Qc6 70. Qxc6+ Ka5 71. Qxh6 Ka4 72. Qxh5 1-0

[Event "Late-Titled-Tuesday-Blitz-April-23-2024"]
[Site "Chess.com"]
[Date "2024.04.23"]
[Round "5"]
[White "malakismayil"]
[Black "Road2GM3000"]
[Result "1-0"]
[WhiteElo "2587"]
[BlackElo "2444"]
[TimeControl "180+1"]
[EndTime "14:58:16 PDT"]
[Termination "malakismayil won by resignation"]

1. e4 c5 2. Nf3 d6 3. Bb5+ Bd7 4. Bxd7+ Nxd7 5. O-O Ngf6 6. Re1 e6 7. d4 cxd4 8. Nxd4 Be7 9. c4 O-O 10. b3 Rc8 11. Bb2 Qc7 12. Nc3 a6 13. Rc1 Rfd8 14. Qd2 Nf8 15. h3 Qb8 16. f4 h6 17. f5 d5 18.
exd5 Bc5 19. fxe6 Nxe6 20. Rxe6 fxe6 21. b4 Bxd4+ 22. Qxd4 exd5 23. Nxd5 Rxd5 24. cxd5 Rxc1+ 25. Bxc1 Qd6 26. Bb2 Qxd5 27. a3 Qxd4+ 28. Bxd4 Ne4 29. Kf1 Kf7 30. Ke2 g6 31. Kd3 Nd6 32. g4 Ke6 33. a4 Kd5 34. Be3 h5 35. Bf4 Ne4 36. gxh5 gxh5 37. Be3 Nd6 38. Bc5 Nc4 39. Kc3 Ne5 40.
Bf2 Ke4 41. b5 axb5 42. axb5 Kd5 43. Bg3 Nf3 44. Kb4 Ng5 45. h4 Ne4 46. Bf4 Nc5 47.
Ka5 Nd7 48. Be3 Kc4 49. Bf2 Kd5 50. Bg1 Kd6 51. Bh2+ Ke6 52. Bf4 Kf5 53. Bg5 Kg4 54. Bd8 Kf5 55. Be7 Ke6 56. Bg5 Kd5 57. Be7 Ke6 58.
Bg5 Kf7 59. Bf4 Ke8 60. Kb4 Ke7 61. Kc4 Ke6 62. Bg5 Ne5+ 63. Kc5 Nd7+ 64. Kc4 b6 65.
Be3 Kd6 66. Bf4+ Ke6 67. Kd4 Nf6 68. Bc7 Nd5 69. Bd8 Kd6 70. Bg5 Ke6 71. Bd8 Kd6 72.
Bg5 Ke6 73. Bd2 Kd6 74. Bc1 Ne7 75. Ba3+ Kd7 76. Bxe7 Kxe7 77. Ke5 Kd7 78. Kd5 Ke7 79. Kc6 Ke6 80. Kxb6 Kf5 81. Ka7 Kg4 1-0

[Event "Late-Titled-Tuesday-Blitz-April-23-2024"]
[Site "Chess.com"]
[Date "2024.04.23"]
[Round "5"]
[White "Binary010"]
[Black "Hsper248"]
[Result "1/2-1/2"]
[WhiteElo "2830"]
[BlackElo "2639"]
[TimeControl "180+1"]
[EndTime "14:58:17 PDT"]
[Termination "Game drawn by repetition"]

1. e4 e5 2. Nf3 Nc6 3. Bc4 Nf6 4. d3 Bc5 5. c3 O-O 6. O-O d6 7. Re1 a5 8. h3 h6 9. d4 Bb6 10. Be3 Re8 11. dxe5 Bxe3 12. exf6 Ba7 13. fxg7 Qf6 14. Nbd2 Qxg7 15. Kf1 Kh8 16. Nb3 Rg8 17. g4 Qf6 18.
Ke2 Rxg4 19. hxg4 Bxg4 20. Kd2 Bxf3 21. Be2 Bxe4 22. Bd3 Bxd3 23. Kxd3 Ne5+ 24. Kd2 Qf4+ 25. Kc2 Qf5+ 26. Kd2 Nf3+ 27. Kc1 Qf4+ 28. Nd2 Nxe1 29. Qxe1 Bxf2 30. Qe2 Be3 31. Kc2 Bxd2 32. Rf1 Qe3 33. Qxd2 Qxd2+ 34. Kxd2 Kg8 35. Rg1+ Kh7 36. Rf1 Rf8 37.
Ke3 f5 38. Kf4 Rf6 39. Re1 Kg7 40. Re7+ Rf7 41. Re8 h5 42. Re1 Kf6 43. Rh1 Rh7 44. Rh4 Rh6 45. a4 c6 46. Kf3 d5 47. Kf4 Rh7 48. Kf3 Kg5 49. Rh1 h4 50. Rg1+ Kf6 51. Kf4 h3 52. Rh1 Rh4+ 53. Kg3 Rg4+ 54. Kf3 Rxa4 55.
Rxh3 Re4 56. Rh6+ Kg7 57. Rd6 Re7 58. Kf4 Rf7 59. Rd8 a4 60. Ra8 b5 61. Rc8 Rf6 62.
Kg5 Rg6+ 63. Kxf5 Rf6+ 64. Ke5 Rf2 65. Rxc6 Rxb2 66. Kxd5 a3 67. Ra6 Rb3 68. Kd4 Kf7 69.
Kc5 Ke7 70. Ra7+ Ke6 71. Ra6+ Ke5 72. c4 b4 73. Kb5 Rb2 74. c5 b3 75. c6 a2 76. Kb4 Rc2 77. Kxb3 Rxc6 78. Rxa2 Kd4 79. Rd2+ Ke3 80. Rc2 Rb6+ 81. Kc3 Rc6+ 82. Kb3 Rb6+ 83.
Kc3 Rb7 84. Kc4 Rc7+ 85. Kb3 Rb7+ 86. Kc3 Rb8 87. Kc4 Rb6 88. Kc3 1/2-1/2

[Event "Late-Titled-Tuesday-Blitz-April-23-2024"]
[Site "Chess.com"]
[Date "2024.04.23"]
[Round "5"]
[White "ritanovikova"]
[Black "teresin05"]
[Result "0-1"]
[WhiteElo "2175"]
[BlackElo "2320"]
[TimeControl "180+1"]
[EndTime "14:58:17 PDT"]
[Termination "teresin05 won by checkmate"]

1. e4 c5 2. Nc3 Nc6 3. d3 g6 4. Be3 Bg7 5. Bxc5 Bxc3+ 6. bxc3 Qa5 7. Be3 Qxc3+ 8. Bd2 Qa3 9. Ne2 Nf6 10. Bc3 O-O 11. Bxf6 exf6 12. Qd2 Re8 13. Qc3 Qxc3+ 14. Nxc3 f5 15.
f3 fxe4 16. dxe4 Nb4 17. O-O-O a6 18. a3 Nc6 19. Nd5 Rd8 20. Bc4 b5 21. Ba2 Kg7 22. Rd2 Ra7 23. Rhd1 d6 24. Ne3 Rad7 25. Kb2 Bb7 26.
Bd5 Na5 27. Bxb7 Nxb7 28. e5 Kf8 29. Ng4 Ke7 30. Nf6 Rc7 31. Ne4 d5 32. Rxd5 Rxd5 33. Rxd5 Na5 34. Nd2 Nc4+ 35. Nxc4 Rxc4 36. Rd6 Rc5 37. f4 a5 38. g3 Rc4 39. Rb6 b4 40.
axb4 axb4 41. Kb3 Re4 42. Rxb4 Re2 43. Rc4 Rxh2 44. Rc3 Rg2 45. Rf3 h5 46. c4 Kd7 47.
Kb4 Kc6 48. Rd3 Rb2+ 49. Kc3 Rg2 50. Kd4 Kc7 51. Ke4 Kc6 52. c5 Kxc5 53. Kf3 Rc2 54.
Rd7 Rc3+ 55. Kg2 Kc6 56. Rxf7 Kd5 57. Rf6 g5 58. Rf5 gxf4 59. gxf4 Ke4 60. Rf8 Rc6 61.
Kg3 Rg6+ 62. Kh4 Rh6 63. Kg5 Rh7 64. e6 h4 65. f5 h3 66. Ra8 h2 67. Ra4+ Ke5 68. Ra5+ Kd6 69. Ra1 h1=Q 70. Rxh1 Rxh1 71. Kg6 Ke7 72. Kg7 Rg1+ 73. Kh6 Kf6 74. Kh5 Kxf5 75.
e7 Rh1# 0-1

[Event "Late-Titled-Tuesday-Blitz-April-23-2024"]
[Site "Chess.com"]
[Date "2024.04.23"]
[Round "5"]
[White "RobertJFischer71"]
[Black "Byniolus"]
[Result "0-1"]
[WhiteElo "2606"]
[BlackElo "2808"]
[TimeControl "180+1"]
[EndTime "14:58:20 PDT"]
[Termination "Byniolus won by resignation"]

1. e4 d6 2. d4 Nf6 3. Nc3 c6 4. a4 a5 5. Nf3 Bg4 6. Be3 e6 7. h3 Bh5 8. Be2 d5 9. e5 Nfd7 10. Nd2 Bg6 11. f4 c5 12. Nf3 Nc6 13. Nb5 Be7 14.
c3 O-O 15. O-O Rc8 16. Kh2 h6 17. g4 Be4 18. Bd3 cxd4 19. Nfxd4 Nc5 20. Nxc6 bxc6 21. Bxc5 Bxc5 22. Bxe4 dxe4 23. Nd6 Rb8 24. Nc4 Qd5 25. Qe2 Be7 26. Rad1 Qc5 27. Qxe4 Rfd8 28. Rxd8+ Rxd8 29. Kg3 Rb8 30. Rd1 Bh4+ 31. Kg2 Qf2+ 32. Kh1 Bg3 33. Qg2 Qxf4 34. Rd4 Qc1+ 35. Qg1 Be1 36.
Re4 Bd2 37. Qxc1 Bxc1 38. Re2 Ra8 39. Re1 Bf4 40. Rd1 g5 41. Kg2 Kg7 42. Kf3 Kg6 43. Ke4 h5 44. Rd6 hxg4 45. hxg4 Rh8 46. Nxa5 c5 47.
Nc6 Rh4 48. Ne7+ Kg7 49. a5 Rxg4 50. a6 Bc1+ 51. Kd3 Ra4 52. Kc2 Bf4 53. Rb6 g4 54. Kb3 Ra5 55. Rb8 Rxa6 56. Rg8+ Kh7 57. Rxg4 Bxe5 58. Nc8 f5 59. Rc4 Rc6 60. Na7 Rb6+ 61.
Ka4 Bd6 62. Nb5 Be7 63. b4 cxb4 64. Rc7 Kg6 65. Rxe7 bxc3 66. Nxc3 Kf6 67. Rc7 f4 68. Nb5 Kf5 69. Rc5+ Kg4 70. Kb4 f3 71. Rc2 Kg3 72.
Rc5 f2 73. Rc1 Kg2 74. Kc4 Rc6+ 75. Kd4 Rxc1 0-1

[Event "Late-Titled-Tuesday-Blitz-April-23-2024"]
[Site "Chess.com"]
[Date "2024.04.23"]
[Round "5"]
[White "Kolle05"]
[Black "Mischuk_D"]
[Result "0-1"]
[WhiteElo "2576"]
[BlackElo "2775"]
[TimeControl "180+1"]
[EndTime "15:00:41 PDT"]
[Termination "Mischuk_D won on time"]

1. e4 e6 2. d4 d5 3. Nd2 c5 4. Ngf3 cxd4 5. Nxd4 Nc6 6. Bb5 Bd7 7. Nxc6 bxc6 8.
Bd3 Bd6 9. Qe2 Qc7 10. Nf3 e5 11. exd5 cxd5 12. c4 Ne7 13. cxd5 O-O 14. O-O h6 15.
Re1 Rae8 16. Bd2 Nxd5 17. Rac1 Qb8 18. Bc4 Nf6 19. h3 Qxb2 20. Qd3 Qb8 21. Nh4 e4 22. Qe2 Be6 23. Bxe6 Rxe6 24. Nf5 Bh2+ 25. Kh1 Bf4 26. Rb1 Qc7 27. Rec1 Qe5 28. Rb5 Nd5 29. Bxf4 Qxf5 30. Be3 Rd8 31. Rcc5 Red6 32. Qd2 Qe6 33. Bd4 Nf6 34. Rb4 Qd7 35. Rcc4 Qf5 36. Qe3 Qe6 37. Rc5 Ne8 38. Rcc4 Rd5 39. Qg3 Rg5 40. Qf4 Qg6 41.
g3 Qh5 42. h4 Rg4 43. Qe3 Qg6 44. Rc5 Qe6 45. Re5 Qxa2 46. Rxe4 Rxe4 47. Qxe4 a5 48. Rb7 Qd5 49. Qxd5 Rxd5 50. Bc3 f6 51. Rb8 Kf7 52. Ra8 Nd6 53. Rxa5 Rd3 54. Ra7+ Kg6 55. Bb4 Ne4 56. Ra2 Rb3 57. Be7 h5 58. Kg2 Rb7 59. Bd8 Nd6 60. Ba5 Nf7 61. Bc3 Rc7 62. Bd4 Rc4 63. Be3 Ne5 64. Rd2 Ng4 65. Rd3 Rc2 66. Rb3 Ra2 67. Rd3 Ne5 68. Rb3 Kf5 69. Rc3 g6 70. Rb3 Rc2 71. Rb4 Ng4 72. Rf4+ Ke6 73. Re4+ Kd5 74. Rd4+ Ke5 75. Rd3 Ke6 76. Rb3 Ne5 77. Ra3 Kf5 78. Bd4 Ng4 79. Be3 Rc4 80. Ra5+ Ke6 81. Ra3 Rb4 82.
Ra6+ Kd5 83. Ra5+ Ke4 84. Ra3 Rc4 85. f3+ Kf5 86. fxg4+ Kxg4 87. Bf4 Rc2+ 88. Kf1 g5 89. hxg5 fxg5 90. Bd6 h4 91. gxh4 gxh4 92. Kg1 Rd2 93. Bb8 Rb2 94. Ba7 Rb4 95. Bf2 Rf4 96. Rb3 Re4 97. Kg2 Rf4 98. Kg1 Re4 99. Be3 Rc4 100. Rd3 Kf3 101. Bg5+ Kg4 102. Bd8 Re4 103. Kf2 Rf4+ 104. Kg2 Ra4 105. Re3 Ra2+ 106. Kg1 h3 107. Bc7 Rg2+ 108.
Kh1 Kh4 109. Bd8+ Kg4 110. Bc7 Kh4 111. Re4+ Kh5 112.
Rf4 Rc2 113. Bd8 Kg6 114. Rg4+ Kf5 115. Rh4 Rd2 116. Bc7 Rd3 117. Kh2 Rc3 118. Bg3 Kg5 119. Rxh3 Rc1 120. Rh4 Rc2+ 121. Kh3 Rc3 122. Rg4+ Kf5 123. Rg8 Rb3 124. Rf8+ Ke6 125. Kg4 Rb4+ 126. Bf4 Rc4 127. Rf5 Rc2 128. Ra5 Rc4 129. Kf3 Rd4 130. Be3 Rd5 131. Ra6+ Kf5 132. Ra4 Ke6 133. Ke4 Re5+ 134. Kf4 Rf5+ 135. Ke4 Re5+ 136. Kd3 Rd5+ 137. Bd4 Kf5 138. Ra2 Ke6 139. Rf2 Kd6 140. Ke4 Rh5 141. Rf6+ Ke7 142. Rg6 Rh2 143. Kd5 Re2 144. Rg7+ Kf8 0-1

[Event "Late-Titled-Tuesday-Blitz-April-23-2024"]
[Site "Chess.com"]
[Date "2024.04.23"]
[Round "6"]
[White "ACollins05"]
[Black "GoltsevDmitry2000"]
[Result "0-1"]
[WhiteElo "2533"]
[BlackElo "2756"]
[TimeControl "180+1"]
[EndTime "15:02:16 PDT"]
[Termination "GoltsevDmitry2000 won by resignation"]

1. Nf3 d5 2. e3 c6 3. b3 Nf6 4. Bb2 g6 5. d4 Bg7 6. c4 O-O 7.
Nc3 Nbd7 8. Be2 Ne4 9. Nxe4 dxe4 10. Nd2 f5 11. O-O e5 12. f3 Bh6 13. Kf2 Qh4+ 14.
Kg1 Bxe3+ 15. Kh1 Bf4 16. g3 Bxg3 0-1

[Event "Late-Titled-Tuesday-Blitz-April-23-2024"]
[Site "Chess.com"]
[Date "2024.04.23"]
[Round "6"]
[White "Bala-Afiada"]
[Black "Kavyev_Ruslan"]
[Result "0-1"]
[WhiteElo "1973"]
[BlackElo "2373"]
[TimeControl "180+1"]
[EndTime "15:03:25 PDT"]
[Termination "Kavyev_Ruslan won by resignation"]

1. d4 d6 2. c4 e5 3. e3 Nd7 4.
Nc3 Ngf6 5. Bd3 g6 6. Nf3 Bg7 7. O-O O-O 8. Qc2 c6 9. dxe5 dxe5 10. Rd1 Qc7 11. Ng5 Nc5 12. Be2 h6 13. Nge4 Nfxe4 14. Nxe4 Bf5 15. Bf3 Rad8 16. Rxd8 Rxd8 17. b4 Nxe4 18.
Bxe4 Bxe4 0-1

[Event "Late-Titled-Tuesday-Blitz-April-23-2024"]
[Site "Chess.com"]
[Date "2024.04.23"]
[Round "6"]
[White "Giantgoogachess"]
[Black "PedroGil25"]
[Result "1-0"]
[WhiteElo "2314"]
[BlackElo "2484"]
[TimeControl "180+1"]
[EndTime "15:03:47 PDT"]
[Termination "Giantgoogachess won by resignation"]

1. d4 Nf6 2. c4 e6 3. Nc3 Bb4 4. e3 O-O 5. Bd3 Bxc3+ 6. bxc3 d6 7. Ne2 e5 8. f3 Re8 9. e4 c5 10. d5 Nh5 11. g4 Qh4+ 12. Kf1 Nf6 13. Ng3 h5 14. g5 Nh7 15. Qd2 Nd7 16. Nf5 Qh3+ 17. Qg2 Qxg2+ 18. Kxg2 Nb6 19. Nxd6 Rd8 20. Nxc8 Nxc8 21.
Be3 b6 22. a4 Nd6 23. a5 f6 24.
gxf6 gxf6 25. Rhb1 Rab8 26. axb6 axb6 27. Ra6 Kf7 28.
Rbxb6 Rxb6 29. Rxb6 1-0

[Event "Late-Titled-Tuesday-Blitz-April-23-2024"]
[Site "Chess.com"]
[Date "2024.04.23"]
[Round "6"]
[White "vladoboch"]
[Black "Godzillator"]
[Result "0-1"]
[WhiteElo "2501"]
[BlackElo "2365"]
[TimeControl "180+1"]
[EndTime "15:04:02 PDT"]
[Termination "Godzillator won by resignation"]

1. h4 d5 2. h5 h6 3. e3 c5 4. d4 cxd4 5. exd4 Nc6 6. Bf4 Bf5 7. Bd3 Bxd3 8. Qxd3 Qb6 9. Nd2 Qxd4 10. Qxd4 Nxd4 11. O-O-O e6 12. Be5 Nc6 13. Bg3 Nf6 14. Ngf3 Bc5 15. c3 Rc8 16. Nb3 Bb6 17. Kb1 Ne4 18. Nbd4 Nxd4 19. cxd4 Nxg3 20. fxg3 O-O 21. g4 f6 22. Rhe1 Kf7 23. Nh4 Rc4 24. Nf3 Rfc8 25. Rd2 Ba5 26. b3 R4c6 27. Rf1 Bxd2 28.
Ne5+ 0-1

[Event "Late-Titled-Tuesday-Blitz-April-23-2024"]
[Site "Chess.com"]
[Date "2024.04.23"]
[Round "6"]
[White "Stanbad1"]
[Black "TheAlienParty"]
[Result "0-1"]
[WhiteElo "2594"]
[BlackElo "2434"]
[TimeControl "180+1"]
[EndTime "15:04:03 PDT"]
[Termination "TheAlienParty won by checkmate"]

1. d4 Nf6 2. Nc3 d5 3. Bf4 c6 4.
e3 Bf5 5. f3 e6 6. g4 Bg6 7. h4 h5 8. g5 Nfd7 9. Bd3 Bxd3 10.
Qxd3 g6 11. Nge2 Bg7 12. O-O-O a5 13. e4 a4 14. a3 Qa5 15. Bd6 Nb6 16. exd5 cxd5 17.
Nb5 Na6 18. Nf4 Nc4 19. Nxe6 Qxb5 20. Nxg7+ Kd7 21. Bb4 Nxb4 22. axb4 Qxb4 23. Rde1 Qxb2+ 24. Kd1 Rhg8 25. Nxh5 gxh5 26. Qf5+ Kc6 27. Re7 Qxd4+ 28. Kc1 Qa1# 0-1

[Event "Late-Titled-Tuesday-Blitz-April-23-2024"]
[Site "Chess.com"]
[Date "2024.04.23"]
[Round "6"]
[White "ozates"]
[Black "GianmarcoVaR"]
[Result "0-1"]
[WhiteElo "2557"]
[BlackElo "2813"]
[TimeControl "180+1"]
[EndTime "15:04:06 PDT"]
[Termination "GianmarcoVaR won by resignation"]

1. e4 c5 2. Nf3 d6 3. Bc4 g6 4.
c3 Bg7 5. d4 Nf6 6. Qe2 cxd4 7.
cxd4 Bg4 8. h3 Bxf3 9. Qxf3 Nc6 10. Be3 Qb6 11. O-O O-O 12. d5 Qxb2 13. Nd2 Ne5 14.
Qe2 Nxc4 15. Qxc4 Rfc8 16. Qe2 Nxe4 0-1

[Event "Late-Titled-Tuesday-Blitz-April-23-2024"]
[Site "Chess.com"]
[Date "2024.04.23"]
[Round "6"]
[White "Orest_Vovk"]
[Black "BardArtem"]
[Result "1-0"]
[WhiteElo "2577"]
[BlackElo "2798"]
[TimeControl "180+1"]
[EndTime "15:04:09 PDT"]
[Termination "Orest_Vovk won by resignation"]

1. h4 e5 2. h5 h6 3. Nc3 Nf6 4. d4 exd4 5. Qxd4 Nc6 6. Qa4 d5 7. Bf4 d4 8. O-O-O Bd6 9. Bxd6 dxc3 10. Ba3 cxb2+ 11. Bxb2 Qe7 12. Qa3 Qxa3 13. Bxa3 Ne4 14. Nh3 Bxh3 15. Rxh3 Nxf2 16. Re3+ 1-0

[Event "Late-Titled-Tuesday-Blitz-April-23-2024"]
[Site "Chess.com"]
[Date "2024.04.23"]
[Round "6"]
[White "juancruzarias"]
[Black "mortngabriel"]
[Result "1/2-1/2"]
[WhiteElo "2638"]
[BlackElo "2459"]
[TimeControl "180+1"]
[EndTime "15:04:29 PDT"]
[Termination "Game drawn by repetition"]

1. d4 Nf6 2. c4 e6 3. g3 d5 4. Bg2 Be7 5. Nf3 O-O 6. O-O dxc4 7. Qc2 b5 8. a4 b4 9. Nfd2 Nd5 10. Nxc4 c5 11.
dxc5 Bxc5 12. e4 Nb6 13. Nxb6 axb6 14. Nd2 Ba6 15. Rd1 Be2 16. Re1 Bd3 17. Qd1 Nc6 18. Nf3 Bc4 19. Qc2 Bd3 20. Qd1 Bc4 21. Qc2 Bd3 22. Qd1 1/2-1/2

[Event "Late-Titled-Tuesday-Blitz-April-23-2024"]
[Site "Chess.com"]
[Date "2024.04.23"]
[Round "6"]
[White "IngOscarArdila"]
[Black "NM_Koval"]
[Result "1-0"]
[WhiteElo "2264"]
[BlackElo "2159"]
[TimeControl "180+1"]
[EndTime "15:04:50 PDT"]
[Termination "IngOscarArdila won by checkmate"]

1. d3 d5 2. Nd2 e5 3. e4 Nf6 4.
Ngf3 c6 5. Be2 Bd6 6. O-O h6 7. c3 O-O 8. Qc2 Be6 9. Re1 Nbd7 10. Nf1 Qc7 11. Ng3 Rae8 12. b3 dxe4 13. Nxe4 Nxe4 14. dxe4 Kh7 15. Be3 g5 16. a4 Bc5 17. Bxc5 Nxc5 18. b4 Nd7 19. Red1 Rd8 20. Nd2 a5 21. Bc4 Bg4 22.
f3 Bh5 23. Nf1 axb4 24. cxb4 Qb6+ 25. Kh1 Qxb4 26. Rab1 Qc5 27. Rxb7 Nb6 28. Bb3 Rd4 29. Ng3 Rxd1+ 30. Qxd1 Bg6 31. Nf5 Bxf5 32. exf5 Kg7 33.
h4 Qf2 34. f6+ Kxf6 35. hxg5+ hxg5 36. Qd6+ Kf5 37. Qd3+ Kf4 38. Qe4+ Kg3 39. Qg4# 1-0

[Event "Late-Titled-Tuesday-Blitz-April-23-2024"]
[Site "Chess.com"]
[Date "2024.04.23"]
[Round "6"]
[White "SmirnovTimofey2000"]
[Black "Arteler"]
[Result "0-1"]
[WhiteElo "1967"]
[BlackElo "2283"]
[TimeControl "180+1"]
[EndTime "15:05:06 PDT"]
[Termination "Arteler won by resignation"]

1. d4 d5 2. Bf4 c5 3. c3 cxd4 4. cxd4 Nf6 5. Nc3 e6 6. e3 Bb4 7. Nf3 O-O 8. Bd3 Ne4 9. Qc2 Nc6 10. Bxe4 dxe4 11. Qxe4 f5 12. Qc2 Ne7 13. O-O Bxc3 14. bxc3 Nd5 15. Bg3 b6 16. c4 Nf6 17. c5 bxc5 18. Qxc5 Ne4 19. Be5 Nxc5 0-1

[Event "Late-Titled-Tuesday-Blitz-April-23-2024"]
[Site "Chess.com"]
[Date "2024.04.23"]
[Round "6"]
[White "Levanzovsky"]
[Black "titomagno_64"]
[Result "0-1"]
[WhiteElo "2497"]
[BlackElo "2322"]
[TimeControl "180+1"]
[EndTime "15:05:24 PDT"]
[Termination "titomagno_64 won by resignation"]

1. d4 Nf6 2. c4 g6 3. Nc3 d5 4.
cxd5 Nxd5 5. e4 Nxc3 6. bxc3 Bg7 7. Be3 c5 8. Ne2 O-O 9. g3 Nc6 10. Bg2 Bf5 11. exf5 gxf5 12. Bxc6 bxc6 13. dxc5 Qa5 14.
O-O Rab8 15. Qc2 e6 16. Rab1 Qa6 17. f4 Qc4 18. Bd4 Bxd4+ 19. Nxd4 Qxc5 20. Rxb8 Rxb8 21. Rb1 Rxb1+ 22. Qxb1 Qxc3 23. Qd1 Qe3+ 24. Kf1 c5 25. Nf3 h6 26. Qe2 Qc1+ 27. Kg2 c4 28. Ne5 c3 29. Qb5 Qb2+ 0-1

[Event "Late-Titled-Tuesday-Blitz-April-23-2024"]
[Site "Chess.com"]
[Date "2024.04.23"]
[Round "6"]
[White "Sandstad"]
[Black "martinmena"]
[Result "1-0"]
[WhiteElo "2461"]
[BlackElo "2159"]
[TimeControl "180+1"]
[EndTime "15:05:28 PDT"]
[Termination "Sandstad won by resignation"]

1. d4 d5 2. c4 e6 3. Nc3 Nf6 4.
cxd5 exd5 5. Bg5 Be7 6. e3 O-O 7. Bd3 Nbd7 8. Qc2 c6 9. Nge2 Re8 10. O-O Nf8 11. Rae1 Ne4 12. Bf4 f5 13. f3 Nd6 14. h3 Bg5 15. Bxg5 Qxg5 16. Nf4 Ng6 17. Nxg6 Qxg6 18. e4 fxe4 19. fxe4 dxe4 20. Nxe4 Nxe4 21. Bxe4 Qh5 22. Bxh7+ Kh8 23. Bg6 1-0

[Event "Late-Titled-Tuesday-Blitz-April-23-2024"]
[Site "Chess.com"]
[Date "2024.04.23"]
[Round "6"]
[White "NitaLucian"]
[Black "Thjop"]
[Result "1-0"]
[WhiteElo "2377"]
[BlackElo "2565"]
[TimeControl "180+1"]
[EndTime "15:05:30 PDT"]
[Termination "NitaLucian won by resignation"]

1. e4 e6 2. d3 d5 3. Nd2 c5 4. Ngf3 Nc6 5. g3 g6 6. Bg2 Bg7 7. O-O Nge7 8. c3 O-O 9. Nb3 b6 10.
exd5 Nxd5 11. d4 cxd4 12. Nfxd4 Nxd4 13. Nxd4 Ba6 14. Re1 Qd7 15. Qb3 Rac8 16. Nf3 h6 17. Ne5 Qc7 18. Bxd5 exd5 19. Nf3 d4 20. Nxd4 Bxd4 21.
cxd4 Kh7 22. Bf4 Qd7 23. Rad1 Bc4 24. Qa3 Bd5 25. f3 Rfe8 26. Rxe8 Rxe8 27. Kf2 Qh3 28. g4 Qxf3+ 29. Qxf3 1-0

[Event "Late-Titled-Tuesday-Blitz-April-23-2024"]
[Site "Chess.com"]
[Date "2024.04.23"]
[Round "6"]
[White "Statham_01"]
[Black "NovakRatko"]
[Result "1-0"]
[WhiteElo "2544"]
[BlackElo "2381"]
[TimeControl "180+1"]
[EndTime "15:05:33 PDT"]
[Termination "Statham_01 won by resignation"]

1. Nc3 d5 2. d4 c5 3. Bf4 Nc6 4. e4 e6 5. exd5 cxd4 6. dxc6 dxc3 7. Bb5 bxc6 8. Bxc6+ Bd7 9. Bxa8 Qxa8 10. Nf3 cxb2 11. Rb1 f6 12. O-O e5 13. Nxe5 fxe5 14. Qh5+ Kd8 15.
Qxe5 Qc6 16. Rxb2 Qe6 17. Qa5+ 1-0